 Dungeon Crawl Stone Soup version 0.21-a0-421-gfc1ce30 (webtiles) character file.

86681 Dorkslayer the Severer (level 15, -10/132 HPs)
             Began as a Minotaur Fighter on Nov 4, 2017.
             Was the Champion of the Shining One.
             Mangled by a golden dragon simulacrum (15 damage)
             ... in an ice cave.
             The game lasted 01:36:53 (22515 turns).

Dorkslayer the Severer (Minotaur Fighter)          Turns: 22515, Time: 01:36:54

Health: -10/132    AC: 21    Str: 25    XL:     15   Next: 41%
Magic:  22/22      EV:  9    Int:  5    God:    the Shining One [******]
Gold:   906        SH: 23    Dex: 14    Spells: 14/14 levels left

rFire    + + .     SeeInvis .   C - +6 war axe (flame)
rCold    + . .     Gourm    .   M - +0 large shield
rNeg     + + +     Faith    .   L - +1 chain mail "Wut Nypu" {+Fly MR+++ Regen+ Str-5} (curse)
rPois    +         Spirit   .   (helmet restricted)
rElec    +         Reflect  +   O - +2 cloak {rF+}
rCorr    +         Harm     .   u - +2 pair of gloves {archery}
MR       ++++.                  z - +0 pair of boots
Stlth    ..........             H - +4 amulet of reflection
HPRegen  0.72/turn              q - ring of resist corrosion
MPRegen  0.18/turn              y - +1 ring of evasion

@: mighty, resistant, glowing
A: retaliatory headbutt, claws 1, horns 2, strong 1
a: Divine Shield, Cleansing Flame, Summon Divine Warrior, Brand Weapon With Holy
Wrath, Renounce Religion, Evoke Flight


You were in an ice cave.
You worshipped the Shining One.
The Shining One was exalted by your worship.
You were not hungry.

You visited 5 branches of the dungeon, and saw 22 of its levels.
You also visited: Ice Cave and Volcano.

You collected 2211 gold pieces.
You spent 1305 gold pieces at shops.

Inventory:

Hand Weapons
 g - a +4 scimitar of flaming
 C - a +6 war axe of flaming (weapon)
Missiles
 a - 5 throwing nets
 e - 18 tomahawks (quivered)
Armour
 u - a +2 pair of gloves of archery (worn)
 z - a +0 pair of boots (worn)
 B - a +0 plate armour
 L - the cursed +1 chain mail "Wut Nypu" (worn) {+Fly MR+++ Regen+ Str-5}
   (You found it on level 1 of the Shoals)

   It affects your strength (-5).
   It affects your resistance to hostile enchantments.
   It lets you fly.
   It increases your rate of regeneration.
   It has a curse placed upon it.
 M - a +0 large shield (worn)
 O - a +2 cloak of fire resistance (worn)
Jewellery
 c - an uncursed ring of protection from fire
 m - an uncursed ring of protection from magic
 q - a ring of resist corrosion (left hand)
 y - a +1 ring of evasion (right hand)
 H - a +4 amulet of reflection (around neck)
Wands
 b - a wand of enslavement (0/24)
 i - a wand of confusion (20/48)
 k - a wand of iceblast (5/15)
 p - a wand of scattershot (8/9)
 v - a wand of flame (27/48)
 E - a wand of digging (6/24)
 G - a wand of confusion (26/48)
 I - a wand of lightning (0/15)
 K - a wand of iceblast (7/15)
 Y - a wand of acid (6/15)
Scrolls
 h - 3 scrolls of teleportation
 j - a scroll of immolation
 s - 6 scrolls of remove curse
 A - 2 scrolls of magic mapping
 D - a scroll of enchant armour
 P - a scroll of silence
Potions
 l - 4 potions of flight
 o - 3 potions of cancellation
 r - 3 potions of brilliance
 t - 2 potions of lignification
 x - 2 potions of agility
 F - 3 potions of resistance
Miscellaneous
 U - a lightning rod (4/4)
 W - a phantom mirror
Comestibles
 f - 22 bread rations
 n - 13 meat rations
 w - 3 royal jellies
 T - 4 fruits


   Skills:
 + Level 11.8 Fighting
 + Level 16.1 Axes
 * Level 10.7 Throwing
 + Level 11.2 Armour
 + Level 3.2 Dodging
 + Level 11.9 Shields
 * Level 10.8 Invocations
 * Level 9.0 Evocations


You had 14 spell levels left.
You didn't know any spells.

Dungeon Overview and Level Annotations

Branches:
Dungeon (12/15)            Temple (0/1) D:7            Lair (6/6) D:9
 Shoals (1/4) Lair:3        Snake (1/4) Lair:4        Slime (0/5) Lair:5
    Orc (2/2) D:12            Elf (0/3) Orc:2

Altars:
Dithmenos
Elyvilon
Gozag
Hepliaklqana
Makhleb
Nemelex Xobeh
Okawaru
Qazlal
Trog
Uskayaw
Vehumet
Yredelemnul
Zin
The Shining One

Shops:
D:8 [   Orc:1 (   Orc:2 %*%*(


Innate Abilities, Weirdness & Mutations

You reflexively headbutt those who attack you in melee.
You have a pair of horns on your head.
You have sharp fingernails.
Your muscles are strong. (Str +2)


Message History

The golden dragon simulacrum is heavily damaged.
The golden dragon simulacrum bites you.
* * * LOW HITPOINT WARNING * * *
The golden dragon simulacrum freezes you!!
You resist.
* * * LOW HITPOINT WARNING * * *
You block the golden dragon simulacrum's attack.
The golden dragon simulacrum barely misses you.
Okay, then.
You hit the golden dragon simulacrum but do no damage.
The golden dragon simulacrum is heavily damaged.
You hit the golden dragon simulacrum but do no damage.
You headbutt the golden dragon simulacrum!
The golden dragon simulacrum is severely damaged.
You block the golden dragon simulacrum's attack. x3
You hit the golden dragon simulacrum.
You melt the golden dragon simulacrum.
Your headbutt misses the golden dragon simulacrum.
The golden dragon simulacrum is severely damaged.
The golden dragon simulacrum bites you!
You die...

###########
#####......#..#
####....###.##..#####
#...#(.## #####...##.
#. #@##≈# ###...#
#.(Z# #≈≈ ##..###
##... #≈# #..## ##...
## #### ###.. ###


You could see a golden dragon simulacrum.

Vanquished Creatures
  A stone giant (Orc:1)
  4 dire elephants (Lair:6)
  A red draconian (Volcano)
  The ghost of Dorkslayer the Cleaver, a journeyman MiFi of the Shining One (D:12)
  A merfolk impaler (Shoals:1)
  The ghost of Partyfoot the Cleaver, a journeyman HOFi of Wu Jian (Orc:2)
  Fannar (D:11)
  Harold (Lair:1)
  6 hydras
  A centaur warrior (Volcano)
  An anaconda (Lair:6)
  Erica (Orc:1)
  13 two-headed ogres
  4 ogre magi
  5 death yaks
  An unseen horror (D:12)
  The ghost of Guenter the Chopper, a novice VSWn (D:10)
  5 harpies (Shoals:1)
  2 orc knights
  An orc sorcerer (Orc:2)
  A cyclops (D:11)
  An ugly thing (D:12)
  A manticore (D:11)
  24 elephants
  2 oklob plants
  A merfolk siren (Shoals:1)
  2 molten gargoyles (Volcano)
  5 black mambas
  An eye of devastation (Lair:5)
  The ghost of Guenter the Shield-Bearer, a novice FoFi (D:5)
  A naga mage (Snake:1)
  7 spiny frogs
  A torpor snail (Lair:6)
  5 komodo dragons
  A freezing wraith (IceCv)
  2 yaktaurs (Volcano)
  5 rime drakes
  2 trolls
  Grinder (D:5)
  A merfolk (Lair:3)
  2 hornets
  4 slime creatures (D:12)
  12 blink frogs
  4 dream sheep (Lair:6)
  9 hippogriffs
  A snapping turtle (Shoals:1)
  A vampire (D:11)
  A dire elephant simulacrum (IceCv)
  Eustachio (D:5)
  A spriggan (D:7)
  A wyvern (D:10)
  2 fire bats (Volcano)
  A basilisk (Lair:4)
  3 hungry ghosts
  49 yaks
  2 vampire mosquitoes (D:12)
  Menkaure (D:6)
  A naga (Snake:1)
  4 wargs
  2 acid dragons (D:11)
  An iron troll simulacrum (IceCv)
  A hydra simulacrum (IceCv)
  12 water moccasins
  8 porcupines
  A black bear (D:8)
  19 orc warriors
  2 sky beasts
  3 eyes of draining
  4 ice beasts
  44 ogres
  3 phantoms
  2 necrophages
  9 centaurs
  6 wolves (Lair:6)
  13 crocodiles
  Blork the orc (D:4)
  14 bullfrogs
  A big kobold (D:10)
  4 scorpions
  2 water moccasin skeletons
  7 electric eels
  3 wights (D:6)
  4 lava snakes (Volcano)
  A crimson imp (D:7)
  A howler monkey (D:8)
  3 centaur zombies
  A draconian simulacrum (IceCv)
  2 quasits
  6 hounds
  A bullfrog skeleton (D:8)
  3 jellies
  Crazy Yiuf (D:2)
  17 orc priests
  3 centaur skeletons
  Terence (D:2)
  6 iguanas
  11 orc wizards
  Natasha (thrice) (D:2)
  10 worker ants
  3 wolf simulacra (IceCv)
  A centaur simulacrum (IceCv)
  2 hound skeletons
  A worker ant zombie (D:7)
  3 gnolls (D:8)
  9 adders
  A naga simulacrum (IceCv)
  An ogre simulacrum (IceCv)
  2 shadow imps
  3 white imps (IceCv)
  4 ufetubi (IceCv)
  An ooze (D:1)
  2 worms
  4 dart slugs
  8 leopard geckos
  77 orcs
  4 giant cockroaches
  10 goblins
  5 hobgoblins
  6 jackals
  2 quokkas
  A ball python skeleton (D:4)
  9 bats
  7 frilled lizards
  9 kobolds
  A quokka skeleton (D:6)
  11 rats
  2 bushes (Lair:5)
  12 fungi
  10 plants
664 creatures vanquished.

Vanquished Creatures (collateral kills)
  Donald (Orc:1)
  2 two-headed ogres (Orc:1)
  An ogre (Orc:1)
4 creatures vanquished.

Vanquished Creatures (others)
  3 fungi
  6 plants
9 creatures vanquished.

Grand Total: 677 creatures vanquished

Notes
Turn   | Place    | Note
-------+----------+-------------------------------------------
     0 | D:1      | Dorkslayer the Minotaur Fighter began the quest for the Orb.
     0 | D:1      | Reached XP level 1. HP: 19/19 MP: 0/0
   167 | D:1      | Reached XP level 2. HP: 24/27 MP: 1/1
   364 | D:1      | Reached XP level 3. HP: 33/33 MP: 2/2
   641 | D:2      | Reached skill level 3 in Axes
   859 | D:2      | Reached XP level 4. HP: 40/40 MP: 3/3
   901 | D:2      | Noticed Natasha
   905 | D:2      | Killed Natasha
   927 | D:2      | Reached skill level 4 in Axes
  1171 | D:2      | Noticed a centaur
  1181 | D:2      | Killed a centaur
  1181 | D:2      | Reached XP level 5. HP: 13/47 MP: 4/4
  1345 | D:2      | Noticed Terence
  1352 | D:2      | Killed Terence
  1352 | D:2      | Reached skill level 5 in Axes
  1352 | D:2      | Reached skill level 1 in Dodging
  1460 | D:2      | Found a runed door.
  1465 | D:2      | Noticed Crazy Yiuf
  1468 | D:2      | Killed Crazy Yiuf
  1468 | D:2      | Reached XP level 6. HP: 53/53 MP: 5/5
  1523 | D:2      | Found an iron altar of Okawaru.
  1590 | D:2      | Noticed Natasha
  1598 | D:2      | Killed Natasha
  1598 | D:2      | Reached skill level 5 in Shields
  1889 | D:2      | Noticed Natasha
  1896 | D:2      | Killed Natasha
  1896 | D:2      | Reached skill level 5 in Fighting
  2153 | D:3      | Found a hide-covered altar of Uskayaw.
  2166 | D:3      | Reached skill level 5 in Armour
  2229 | D:3      | Found a basalt altar of Yredelemnul.
  2229 | D:3      | Found a glowing silver altar of Zin.
  2714 | D:4      | Found an opulent altar of Gozag.
  2895 | D:4      | Reached skill level 6 in Axes
  2923 | D:4      | Found a bloodstained altar of Trog.
  2943 | D:4      | Found a glowing golden altar of the Shining One.
  2946 | D:4      | Became a worshipper of the Shining One
  3008 | D:4      | Reached XP level 7. HP: 61/61 MP: 6/6
  3017 | D:4      | Noticed Blork the orc
  3027 | D:4      | Killed Blork the orc
  3156 | D:4      | Found a shadowy altar of Dithmenos.
  3539 | D:5      | Entered Level 5 of the Dungeon
  3539 | D:5      | Noticed Grinder
  3541 | D:5      | Paralysed by Grinder for 3 turns
  3554 | D:5      | Paralysed by Grinder for 5 turns
  3559 | D:5      | Killed Grinder
  3559 | D:5      | Reached skill level 7 in Axes
  3559 | D:5      | Reached skill level 1 in Throwing
  3559 | D:5      | Reached skill level 1 in Invocations
  3656 | D:5      | Found a hazy altar of Hepliaklqana.
  3664 | D:5      | Noticed Guenter's ghost (novice FoFi)
  3684 | D:5      | Killed Guenter's ghost
  3684 | D:5      | Reached XP level 8. HP: 57/70 MP: 6/8
  3761 | D:5      | Found a sparkling altar of Nemelex Xobeh.
  3953 | D:5      | Noticed Eustachio
  3993 | D:5      | Killed Eustachio
  4303 | D:5      | Found a radiant altar of Vehumet.
  4442 | D:6      | Reached skill level 8 in Axes
  4516 | D:6      | Reached * piety under the Shining One
  4657 | D:6      | Noticed Menkaure
  4665 | D:6      | Killed Menkaure
  4690 | D:6      | Reached XP level 9. HP: 66/75 MP: 10/10
  5070 | D:6      | Found a stormy altar of Qazlal.
  5269 | D:7      | Reached skill level 9 in Axes
  5297 | D:7      | Reached skill level 1 in Evocations
  5548 | D:7      | Found a staircase to the Ecumenical Temple.
  5661 | D:7      | Reached skill level 5 in Invocations
  5711 | D:7      | Reached ** piety under the Shining One
  6227 | D:8      | Reached skill level 10 in Axes
  6256 | D:8      | Reached XP level 10. HP: 84/84 MP: 12/12
  6306 | D:8      | Noticed a two-headed ogre
  6315 | D:8      | Killed a two-headed ogre
  6360 | D:8      | Found Gevezosu's Armour Boutique.
  6419 | D:8      | Bought a +2 pair of gloves of archery for 301 gold pieces
  6485 | D:8      | You fall through a shaft for 2 floors!
  6485 | D:10     | Entered Level 10 of the Dungeon
  6525 | D:9      | Found a white marble altar of Elyvilon.
  6990 | D:9      | Found a burning altar of Makhleb.
  6990 | D:9      | Noticed an Executioner
  7112 | D:9      | Reached skill level 5 in Throwing
  7115 | D:9      | Reached skill level 11 in Axes
  7183 | D:9      | Found a bloodstained altar of Trog.
  7265 | D:9      | Found a staircase to the Lair.
  7351 | D:9      | Noticed a two-headed ogre
  7361 | D:9      | Killed a two-headed ogre
  7394 | D:9      | Reached *** piety under the Shining One
  7434 | D:9      | Reached XP level 11. HP: 92/94 MP: 14/14
  7920 | D:10     | Reached skill level 12 in Axes
  7957 | D:10     | Noticed a two-headed ogre
  7976 | D:10     | Killed a two-headed ogre
  8681 | D:10     | Noticed Guenter's ghost (novice VSWn)
  8681 | D:10     | Reached **** piety under the Shining One
  8693 | D:10     | Killed Guenter's ghost
  9462 | D:11     | Noticed a five-headed hydra
  9467 | D:11     | Killed a five-headed hydra
  9550 | D:11     | Noticed Fannar
  9580 | D:11     | Killed Fannar
  9837 | D:11     | Noticed a six-headed hydra
  9850 | D:11     | Killed a seven-headed hydra
  9850 | D:11     | Reached skill level 13 in Axes
  9871 | D:11     | Reached skill level 5 in Evocations
  9871 | D:11     | Reached XP level 12. HP: 65/103 MP: 16/16
 10331 | D:12     | Noticed a four-headed hydra
 10890 | D:12     | Noticed Dorkslayer's ghost (journeyman MiFi)
 10904 | D:12     | Killed Dorkslayer's ghost
 11164 | D:12     | Killed a six-headed hydra
 11168 | D:12     | Noticed a two-headed ogre
 11171 | D:12     | Killed a two-headed ogre
 11253 | D:12     | Found a staircase to the Orcish Mines.
 11668 | Orc:1    | Entered Level 1 of the Orcish Mines
 11881 | Orc:2    | Entered Level 2 of the Orcish Mines
 11886 | Orc:2    | Noticed a two-headed ogre
 11887 | Orc:2    | Noticed a two-headed ogre
 11887 | Orc:2    | Noticed Partyfoot's ghost (journeyman HOFi)
 11887 | Orc:2    | Reached ***** piety under the Shining One
 11887 | Orc:2    | Noticed an ogre mage
 11889 | Orc:2    | Noticed an ogre mage
 11890 | Orc:2    | Noticed an ogre mage
 11890 | Orc:2    | Noticed a two-headed ogre
 11891 | Orc:2    | Noticed an ogre mage
 11891 | Orc:2    | Noticed a two-headed ogre
 11909 | Orc:1    | Noticed a stone giant
 11918 | Orc:1    | Noticed Erica
 11926 | Orc:1    | The Shining One protects you from harm!
 11935 | Orc:1    | Killed Erica
 11939 | Orc:1    | Killed a stone giant
 12043 | Orc:1    | Found Axtiogg's Weapon Emporium.
 12052 | Orc:1    | Bought a +5 war axe of flaming for 532 gold pieces
 12226 | Orc:2    | Noticed a two-headed ogre
 12227 | Orc:2    | Noticed a two-headed ogre
 12228 | Orc:2    | Noticed a two-headed ogre
 12232 | Orc:1    | Killed a two-headed ogre
 12234 | Orc:1    | Killed a two-headed ogre
 12461 | Orc:2    | Noticed a two-headed ogre
 12463 | Orc:2    | Noticed Donald
 12479 | Orc:1    | Killed an ogre mage
 12480 | Orc:1    | Killed an ogre mage
 12480 | Orc:1    | Reached XP level 13. HP: 80/111 MP: 18/18
 12597 | Orc:1    | Reached skill level 14 in Axes
 13115 | Orc:1    | HP: 2/111 [two-headed ogre/giant club (19)]
 13137 | Orc:1    | Killed Donald
 13477 | Orc:1    | Reached skill level 10 in Armour
 13489 | Orc:1    | Reached skill level 10 in Fighting
 13636 | Orc:2    | Paralysed by an ogre mage for 2 turns
 13962 | Orc:2    | Gained mutation: Your muscles are strong. (Str +2) [potion of mutation]
 13962 | Orc:2    | Gained mutation: Your spells are a little harder to cast, but a little more powerful. [potion of mutation]
 13962 | Orc:2    | Lost mutation: Your spells are a little harder to cast, but a little more powerful. [potion of mutation]
 13962 | Orc:2    | Gained mutation: You have sharp fingernails. [potion of mutation]
 13963 | Orc:2    | Killed Partyfoot's ghost
 13970 | Orc:2    | Reached skill level 10 in Shields
 14005 | Orc:2    | Found Ekkiets's Food Boutique.
 14098 | Orc:2    | Found Ipeariv's Assorted Antiques.
 14098 | Orc:2    | Found Igyeckua's Food Shoppe.
 14110 | Orc:2    | Found Qyusod's Assorted Antiques.
 14110 | Orc:2    | Found Qereigru's Antique Weapon Boutique.
 14119 | Orc:2    | Bought a crooked ivory wand for 116 gold pieces
 14119 | Orc:2    | Bought a scroll labeled POICUELOZAGGO for 29 gold pieces
 14119 | Orc:2    | Bought a dented golden amulet for 145 gold pieces
 14119 | Orc:2    | Bought a scroll of identify for 58 gold pieces
 14126 | Orc:2    | Bought a bone wand for 124 gold pieces
 14311 | Orc:2    | Found a staircase to the Elven Halls.
 14856 | Lair:1   | Entered Level 1 of the Lair of Beasts
 15004 | Lair:1   | Noticed Harold
 15016 | Lair:1   | Killed Harold
 15813 | Lair:2   | Reached XP level 14. HP: 116/122 MP: 20/20
 16615 | Lair:3   | Reached skill level 15 in Axes
 17204 | Lair:3   | Found a dark tunnel.
 17213 | Volcano  | Entered a volcano
 17542 | Volcano  | Found a bloodstained altar of Trog.
 17952 | Lair:4   | Found a staircase to the Snake Pit.
 17973 | Snake:1  | Entered Level 1 of the Snake Pit
 17979 | Snake:1  | Reached skill level 10 in Invocations
 19257 | Lair:5   | Found a staircase to the Slime Pits.
 19282 | Lair:5   | Reached skill level 10 in Throwing
 20221 | Lair:6   | Entered Level 6 of the Lair of Beasts
 20645 | Lair:6   | Reached XP level 15. HP: 130/130 MP: 21/21
 20709 | Lair:6   | Got an encrusted chain mail
 20774 | Lair:6   | Reached ****** piety under the Shining One
 20782 | Lair:6   | Reached skill level 16 in Axes
 21768 | Lair:6   | Identified the +1 chain mail of Hyfuch {Regen+} (You found it on level 6 of the Lair of Beasts)
 22067 | Lair:3   | Found a staircase to the Shoals.
 22096 | Shoals:1 | Entered Level 1 of the Shoals
 22184 | Shoals:1 | Found a frozen archway.
 22217 | Shoals:1 | Got a bloodstained chain mail
 22231 | IceCv    | Entered an ice cave
 22259 | IceCv    | Identified the cursed +1 chain mail "Wut Nypu" {+Fly MR+++ Regen+ Str-5} (You found it on level 1 of the Shoals)
 22512 | IceCv    | HP: 3/132 [golden dragon simulacrum (26)]
 22515 | IceCv    | Mangled by a golden dragon simulacrum

Vault maps used:
D:1:      dpeg_arrival_short_road
D:2:      kennysheep_six_static_rooms, old_standard_altar, first_bread,
          uniq_crazy_yiuf_cottage, uniq_terence, uniq_natasha
D:3:      lemuel_round_altar, gammafunk_temple_overflow_elements
D:4:      nicolae_dithmenos_the_darkroom, bloody_trog, grunt_gozag_breadcrumbs,
          kennysheep_mini_moat, uniq_blork_the_orc
D:5:      lemuel_coloured_pillars_altar, kennysheep_little_box, kennysheep_mini,
          uniq_eustachio, uniq_grinder
D:6:      marbit_many_paths, uniq_menkaure
D:7:      temple_pool_b, hangedman_abyss_or_decor_passed,
          grunt_decor_mini_mirrors, the_bakery
D:8:      serial_shops, nicolae_shop_temple_entry_statues_fountains
D:9:      elyvilon_altar_5, erik_lair_orcish_takeover, basic_altar,
          makhleb_altar_promises_db
D:10:     corexii_checkpoint_a, serial_bayou_lagoon_a
D:11:     uniq_fannar
D:12:     orc_0_dummy
Lair:1:   uniq_harold
Lair:3:   elwin_shoals_entry_rooms, lightli_volcano_entry_magma_tube,
          minmay_lair_oklob_chamber
Lair:4:   dummy_snake_entry
Lair:5:   minmay_slime_entry_eyes, serial_bayou, serial_bayou_lake_a,
          serial_bayou_shore_a, serial_bayou_pond_e, serial_bayou_pond_d,
          serial_bayou_pond_a, serial_bayou_shore_b,
          nicolae_quartered_pool_medium, minivault_24
Lair:6:   due_jungle_book, infiniplex_staircase_pool, grunt_megastairs_5
Shoals:1: portal_ice_cave_entry_pillars_three
Snake:1:  grunt_ministairs_6, st_stairs_5, uniq_rupert
Orc:1:    serial_shops, shop, uniq_erica
Orc:2:    st_orc_ogre_mass, serial_shops, shop, lightli_orcish_oven, uniq_donald
IceCv:    ice_cave_caverns_01
Volcano:  volcano_lake

Skill      XL: |  1  2  3  4  5  6  7  8  9 10 11 12 13 14 15 |
---------------+----------------------------------------------+-----
Fighting       | 4 5 6 7 8 9 10 11 | 11.8
Armour         | 4 5 6 7 8 9 10 11 | 11.2
Shields        | 4 5 6 7 8 9 10 11 | 11.9
Axes           | 3 4 5 6 7 8 10 11 13 14 15 16 | 16.1
Dodging        | 1 2 3 |  3.2
Throwing       | 1 3 4 5 6 8 9 10 | 10.7
Invocations    | 2 3 5 6 7 8 9 10 | 10.8
Evocations     | 2 3 5 6 7 8 9 |  9.0

Action                   |  1- 3 |  4- 6 |  7- 9 | 10-12 | 13-15 || total
-------------------------+-------+-------+-------+-------+-------++-------
Melee: War axe           |    74 |   120 |   219 |   384 |   807 ||  1604
       Headbutt          |    13 |    16 |    49 |    68 |   213 ||   359
Throw: Tomahawk          |       |     2 |    34 |    69 |   100 ||   205
Invok: Cleansing Flame   |       |       |       |     2 |       ||     2
       Divine Shield     |       |       |       |     1 |     8 ||     9
       Summon Divine War |       |       |       |       |     1 ||     1
Evoke: Wand              |       |       |       |    22 |     8 ||    30
  Use: Scroll            |       |     5 |     7 |    11 |    14 ||    37
       Potion            |       |     1 |     2 |    10 |    13 ||    26
  Eat: Chunk             |       |     5 |    10 |    12 |    27 ||    54
       Fruit             |       |     2 |     1 |     8 |       ||    11
       Bread ration      |       |       |       |     1 |       ||     1
       Royal jelly       |       |       |       |       |     3 ||     3
Armor: Scale mail        |    35 |    32 |       |       |       ||    67
       Chain mail        |       |    13 |    62 |       |    37 ||   112
       Plate armour      |       |       |    14 |   168 |   224 ||   406
Dodge: Dodged            |    26 |    47 |    42 |    90 |   145 ||   350
Block: Shield            |    41 |    67 |    92 |   197 |   433 ||   830
       Reflection        |       |       |       |     1 |    14 ||    15
       Large shield      |       |       |       |       |   300 ||   300

Table legend:
 A = Spawn XP
 B = Non-spawn XP
 C = Spawn XP percentage of total XP
 D = Spawn monster count
 E = Non-spawn monster count
 F = Spawn count percentage of total count
 G = Total turns spent on level
                    A         B        C        D         E        F      G
               +---------+---------+-------+---------+---------+-------+---------
         Total |       0 |  123830 |   0.0 |       0 |     644 |   0.0 | 22515
               +---------+---------+-------+---------+---------+-------+---------
           D:1 |       0 |      47 |   0.0 |       0 |      22 |   0.0 |   632
           D:2 |       0 |     408 |   0.0 |       0 |      43 |   0.0 |  1289
           D:3 |       0 |     105 |   0.0 |       0 |      20 |   0.0 |   742
           D:4 |       0 |     368 |   0.0 |       0 |      19 |   0.0 |   876
           D:5 |       0 |    1199 |   0.0 |       0 |       9 |   0.0 |   811
           D:6 |       0 |     967 |   0.0 |       0 |      19 |   0.0 |   856
           D:7 |       0 |    1529 |   0.0 |       0 |      27 |   0.0 |   892
           D:8 |       0 |    2170 |   0.0 |       0 |      28 |   0.0 |   938
           D:9 |       0 |    4500 |   0.0 |       0 |      45 |   0.0 |  1202
          D:10 |       0 |    4414 |   0.0 |       0 |      29 |   0.0 |  1446
          D:11 |       0 |    7355 |   0.0 |       0 |      25 |   0.0 |  1171
          D:12 |       0 |    7242 |   0.0 |       0 |      23 |   0.0 |   911
        Lair:1 |       0 |    3139 |   0.0 |       0 |      10 |   0.0 |   699
        Lair:2 |       0 |    7149 |   0.0 |       0 |      26 |   0.0 |  1003
        Lair:3 |       0 |    6385 |   0.0 |       0 |      22 |   0.0 |   902
        Lair:4 |       0 |    8809 |   0.0 |       0 |      27 |   0.0 |  1192
        Lair:5 |       0 |    3840 |   0.0 |       0 |      20 |   0.0 |  1183
        Lair:6 |       0 |   25201 |   0.0 |       0 |      66 |   0.0 |  1638
      Shoals:1 |       0 |    4932 |   0.0 |       0 |       8 |   0.0 |   135
       Snake:1 |       0 |    1027 |   0.0 |       0 |       3 |   0.0 |    65
         Orc:1 |       0 |   18846 |   0.0 |       0 |      65 |   0.0 |  2188
         Orc:2 |       0 |    8463 |   0.0 |       0 |      56 |   0.0 |   902
         IceCv |       0 |    1131 |   0.0 |       0 |      18 |   0.0 |   284
       Volcano |       0 |    4604 |   0.0 |       0 |      14 |   0.0 |   558
               +---------+---------+-------+---------+---------+-------+---------
